Map: Blackrock LE

Players

ViBE - Winner!

  • Race: Protoss Protoss
  • League: Master

Rocky

  • Race: Protoss Protoss

VOD

Have the link to the VOD?

Description

Time

  • Played on: Oct. 16, 2026, 5:49 p.m.
  • Length: 12:42
Show
View Real Time Build Order
Export as new Build Order

ViBE Protoss - Winner!

Build Orders: 1 Gate Expand 

Get SALT Encoding   

  12  0:00  Probe  
  13  0:12  Probe  
  14  0:18  Pylon  
  14  0:24  Probe  
  15  0:36  Probe (Chrono Boost)  
  15  0:38  Gateway  
  16  0:48  Probe (Chrono Boost)  
  17  0:53  Probe (Chrono Boost)  
  18  0:58  Assimilator  
  18  1:03  Probe  
  19  1:15  Probe  
  20  1:23  Nexus  
  20  1:27  Probe  
  21  1:34  Cybernetics Core  
  21  1:39  Probe  
  22  1:44  Pylon  
  22  1:51  Probe (Chrono Boost)  
  22  1:53  Assimilator  
  23  2:03  Probe (Chrono Boost)  
  24  2:11  Stalker, Warp Gate  
  24  2:12  Probe (Chrono Boost)  
  27  2:17  Probe  
  28  2:27  Pylon  
  29  2:30  Probe  
  29  2:34  Robotics Facility  
  29  2:35  Probe  
  30  2:42  Probe (Chrono Boost)  
  30  2:43  Stalker  
  33  2:49  Probe (Chrono Boost)  
  34  2:54  Probe (Chrono Boost)  
  34  2:56  Shield Battery  
  36  2:59  Probe (Chrono Boost)  
  36  3:00  Probe (Chrono Boost)  
  36  3:03  Probe (Chrono Boost)  
  37  3:08  Probe  
  39  3:13  Stalker  
  39  3:15  Probe  
  39  3:18  Pylon  
  42  3:20  Probe  
  44  3:27  Probe  
  44  3:30  Immortal  
  44  3:32  Probe  
  49  3:40  Probe  
  50  3:44  Probe  
  51  3:50  Nexus  
  51  3:52  Probe  
  52  3:56  Pylon, Probe  
  52  4:00  Stalker  
  55  4:04  Probe  
  55  4:07  Pylon  
  55  4:08  Probe (Chrono Boost)  
  57  4:14  Immortal (Chrono Boost)  
  62  4:17  Probe (Chrono Boost)  
  62  4:21  Probe (Chrono Boost)  
  62  4:24  Pylon  
  63  4:27  Probe (Chrono Boost)  
  63  4:28  Probe (Chrono Boost)  
  63  4:30  Assimilator x2  
  65  4:32  Probe (Chrono Boost)  
  65  4:33  Stalker  
  68  4:40  Probe  
  68  4:44  Probe  
  68  4:45  Pylon  
  70  4:51  Immortal (Chrono Boost)  
  70  4:52  Probe  
  71  4:56  Probe  
  76  5:02  Probe  
  76  5:04  Probe  
  76  5:05  Stalker  
  80  5:08  Probe  
  81  5:15  Probe  
  81  5:16  Probe  
  81  5:18  Gateway x2  
  81  5:20  Probe  
  81  5:21  Immortal (Chrono Boost)  
  84  5:27  Probe  
  84  5:28  Probe, Stalker  
  90  5:32  Pylon  
  90  5:33  Probe  
  93  5:39  Probe  
  93  5:40  Probe  
  95  5:45  Probe, Nexus  
  95  5:47  Pylon  
  96  5:51  Pylon, Probe  
  96  5:52  Probe  
  96  5:53  Immortal (Chrono Boost)  
  102  5:57  Probe  
  102  6:02  Stalker  
  102  6:03  Probe  
  106  6:04  Probe  
  106  6:09  Pylon, Probe  
  108  6:12  Pylon  
  108  6:13  Stalker x2  
  108  6:15  Probe  
  108  6:16  Probe  
  114  6:20  Assimilator  
  114  6:21  Probe  
  114  6:22  Immortal (Chrono Boost), Assimilator  
  119  6:27  Stalker  
  119  6:28  Probe  
  119  6:29  Probe  
  123  6:33  Probe  
  124  6:45  Probe x3  
  127  6:47  Stalker x2  
  127  6:51  Stalker, Immortal (Chrono Boost)  
  137  6:58  Probe  
  137  7:01  Forge  
  138  7:02  Forge  
  138  7:05  Gateway  
  138  7:07  Gateway  
  138  7:10  Gateway x2  
  138  7:11  Stalker  
  138  7:12  Stalker  
  138  7:14  Stalker  
  144  7:17  Immortal (Chrono Boost)  
  144  7:22  Pylon  
  148  7:25  Assimilator, Pylon  
  148  7:26  Assimilator  
  148  7:29  Twilight Council  
  148  7:30  Protoss Ground Weapons Level 1 (Chrono Boost), Protoss Ground Armor Level 1 (Chrono Boost)  
  148  7:36  Stalker  
  148  7:37  Stalker x2  
  152  7:38  Immortal  
  158  7:59  Stalker x2  
  158  8:00  Stalker x2  
  158  8:01  Stalker  
  158  8:03  Stalker  
  158  8:05  Nexus  
  170  8:06  Stalker, Pylon  
  170  8:09  Pylon  
  170  8:11  Immortal  
  172  8:16  Pylon  
  172  8:25  Stalker x4  
  172  8:26  Stalker  
  186  8:36  Stalker  
  186  8:37  Stalker  
  190  8:43  Templar Archives  
  190  8:46  Immortal  
  190  8:51  Stalker x3  
  198  9:19  Gateway  
  198  9:21  Gateway  
  198  9:24  Gateway  
  198  9:28  Protoss Ground Weapons Level 2 (Chrono Boost), Protoss Ground Armor Level 2 (Chrono Boost), Robotics Facility  
  198  9:29  Gateway  
  198  9:30  Robotics Facility, Gateway  
  198  9:31  Gateway  
  198  9:33  Pylon  
  196  9:50  High Templar x2  
  200  9:54  Photon Cannon  
  200  9:56  Archon  
  200  9:57  Shield Battery  
  194  10:07  Photon Cannon  
  194  10:10  Shield Battery  
  194  10:12  Photon Cannon  
  194  10:13  Photon Cannon  
  194  10:14  Shield Battery  
  194  10:16  Shield Battery  
  194  10:19  Photon Cannon  
  186  10:22  Shield Battery  
  186  10:33  Shield Battery  
  186  10:34  Photon Cannon  
  186  10:42  High Templar x2  
  190  10:43  High Templar x2  
  190  10:44  High Templar x2  
  190  10:45  Stalker  
  190  10:48  Archon x2  
  190  10:49  Archon  
  196  11:03  Stalker x2  
  200  11:07  Nexus  
  200  11:08  Pylon  
  200  11:11  Pylon  
  200  11:29  Photon Cannon  
  200  11:31  Shield Battery  
  198  11:49  Stalker  
  198  11:50  Stalker  
  196  11:54  Stalker x2  
  200  12:21  Assimilator  
  200  12:24  Assimilator  
Show
View Real Time Build Order
Export as new Build Order

Rocky Protoss 

Build Orders: 1 Gate Expand, Chargelot Immortal 

Get SALT Encoding   

  12  0:01  Probe  
  13  0:13  Probe  
  14  0:18  Pylon  
  14  0:25  Probe  
  15  0:37  Probe (Chrono Boost)  
  15  0:41  Gateway  
  16  0:49  Probe (Chrono Boost)  
  17  0:54  Probe (Chrono Boost)  
  18  1:03  Probe (Chrono Boost)  
  19  1:07  Assimilator  
  19  1:15  Probe (Chrono Boost)  
  20  1:21  Probe (Chrono Boost)  
  21  1:33  Probe  
  21  1:38  Nexus  
  22  1:49  Pylon  
  22  1:51  Pylon  
  22  1:53  Probe  
  23  1:59  Assimilator  
  23  2:07  Probe (Chrono Boost), Cybernetics Core  
  24  2:18  Probe (Chrono Boost)  
  25  2:23  Probe (Chrono Boost)  
  26  2:33  Probe  
  27  2:44  Stalker  
  27  2:45  Probe  
  27  2:46  Warp Gate  
  30  2:57  Probe (Chrono Boost)  
  32  3:08  Probe x2 (Chrono Boost)  
  33  3:13  Shield Battery  
  33  3:14  Probe (Chrono Boost)  
  33  3:15  Probe (Chrono Boost)  
  33  3:19  Stalker  
  37  3:24  Probe (Chrono Boost)  
  39  3:27  Probe (Chrono Boost)  
  39  3:33  Robotics Facility  
  39  3:38  Pylon, Probe  
  39  3:39  Probe  
  41  3:46  Stalker  
  43  3:50  Probe (Chrono Boost)  
  43  3:55  Probe (Chrono Boost)  
  45  4:02  Probe (Chrono Boost)  
  46  4:12  Assimilator  
  46  4:15  Assimilator  
  46  4:20  Nexus  
  46  4:22  Pylon  
  46  4:25  Pylon  
  46  4:26  Probe (Chrono Boost)  
  46  4:27  Gateway  
  46  4:29  Gateway  
  46  4:30  Gateway  
  48  4:32  Probe (Chrono Boost)  
  48  4:36  Probe (Chrono Boost)  
  49  4:40  Probe (Chrono Boost)  
  49  4:41  Probe (Chrono Boost)  
  51  4:50  Stalker, Probe  
  54  4:59  Immortal (Chrono Boost)  
  54  5:06  Probe x2  
  60  5:23  Probe x2  
  60  5:24  Stalker  
  60  5:25  Stalker x3  
  70  5:39  Pylon  
  70  5:40  Probe x3  
  70  5:42  Pylon  
  73  5:44  Immortal (Chrono Boost)  
  73  5:45  Pylon  
  77  5:52  Probe  
  77  5:53  Stalker x4  
  86  5:57  Probe  
  86  5:58  Probe  
  88  6:04  Probe  
  89  6:12  Probe x2, Gateway  
  89  6:15  Gateway  
  89  6:16  Gateway, Immortal  
  95  6:20  Probe  
  95  6:24  Probe x2  
  98  6:43  Stalker x2  
  98  6:44  Stalker x2  
  106  6:47  Probe  
  106  6:48  Probe x2  
  109  6:56  Immortal  
  109  6:57  Twilight Council  
  109  7:00  Probe  
  114  7:09  Pylon, Probe  
  114  7:10  Probe  
  114  7:12  Probe, Pylon  
  117  7:15  Pylon  
  117  7:21  Pylon  
  117  7:33  Assimilator  
  117  7:34  Assimilator  
  117  7:39  Charge  
  120  7:44  Nexus  
  120  7:46  Pylon  
  120  7:49  Pylon  
  120  7:57  Stalker x3  
  120  7:58  Stalker x4  
  125  8:02  Immortal  
  135  8:27  Forge  
  135  8:29  Forge  
  135  8:31  Probe x3  
  138  8:36  Zealot x3  
  138  8:37  Zealot x4  
  156  8:41  Immortal  
  156  8:43  Probe  
  157  9:08  Gateway  
  157  9:09  Stalker x4  
  165  9:10  Stalker x3, Gateway  
  165  9:12  Gateway  
  165  9:14  Gateway  
  171  9:19  Blink  
  171  9:34  Zealot x2  
  171  9:35  Zealot x2  
  175  10:02  Zealot x2  
  175  10:03  Zealot x2  
  128  10:14  Zealot x3  
  128  10:15  Zealot x3  
  91  10:27  Gateway  
  91  10:28  Gateway  
  80  10:31  Gateway  
  80  10:32  Zealot x2  
  81  10:36  Gateway  
  81  10:41  Zealot x2  
  81  10:42  Zealot x4  
  65  10:56  Zealot x2  
  47  11:07  Zealot x4  
  47  11:08  Zealot x2  
  59  11:18  Pylon  
  59  11:20  Pylon  
  59  11:22  Pylon  
  59  11:23  Zealot  
  59  11:24  Pylon  
  59  11:25  Zealot  
  60  11:32  Zealot x3  
  64  11:33  Zealot x3  
  25  11:56  Pylon  
  25  11:58  Pylon  
  25  12:01  Pylon  
  25  12:04  Gateway  
  25  12:05  Gateway  
  25  12:08  Gateway  
  25  12:10  Gateway  
  25  12:12  Gateway  
  25  12:14  Probe  
  24  12:19  Zealot x4  
  31  12:26  Probe  
Tags
 
Add a new tag
Caveats
  • Supply blocks, unpowered buildings, or Contaminate may cause inaccurate times.
  • Supply counts are checked every 10 seconds.